AoeStats
← Антон Романович

Arena

509726037Analyzed
1v1 RM · 4d ago on Sep 27, 2026· 43m 57s· 2 players
Game mode
Random Map
Map size
Tiny (2 player)
Population
200
Speed
Normal
Resources
Standard
Victory
Conquest
Starting age
Dark Age
Ending age
Imperial Age
RankedLock teamsTeams togetherTeam positionsShared explorationLock speedFull tech treeHidden civsTurbo modeCheats
Victory
Defeat
🇺🇸 Lithuanians · United States
731
+15
699
-15
Антон Романович
9:13 Feudal Age
17:40 Castle Age
15:41 Horse Collar
16:09 Double-Bit Axe
17:13 Gold Mining
18:38 Husbandry
20:37 Gold Shaft Mining
20:45 Bloodlines
23:30 Forging
23:21 Scale Mail Armor
24:36 Fervor
24:21 Pikeman
25:41 Wheelbarrow
26:25 Herbal Medicine
31:34 Stone Mining
35:15 Iron Casting
34:56 Chain Mail Armor
36:05 Hand Cart
35:35 Loom
36:05 Arson
36:57 Sanctity
37:23 Stone Shaft Mining
36:55 Town Watch
39:41 Tusk Swords
39:55 Elite Skirmisher
42:18 Fletching
42:28 Padded Archer Armor
42:34 Scale Barding Armor
44:16 Bodkin Arrow
Noobinator
0:38 Loom
11:51 Feudal Age
16:51 Castle Age
15:46 Double-Bit Axe
17:30 Forging
18:55 Scale Barding Armor
28:48 Town Watch
33:55 Fletching
34:05 Padded Archer Armor
34:35 Bodkin Arrow
34:29 Crossbowman
35:15 Thumb Ring
34:51 Elite Skirmisher
36:54 Wheelbarrow
36:20 Town Patrol
37:50 Bloodlines
Connection lost

Rejoining the realm…

Still unreachable

The connection could not be restored.

Session expired

The server has moved on; the page needs a fresh start.